 Dungeon Crawl Stone Soup version 0.21.1-1-g345015f (webtiles) character file.

320 pk666 the Magician (level 6, -5/32 HPs)
             Began as a Deep Elf Wizard on Feb 12, 2018.
             Killed from afar by batai666's ghost (8 damage)
             ... with a stone arrow
             ... on level 3 of the Dungeon.
             The game lasted 00:10:11 (4548 turns).

pk666 the Magician (Deep Elf Wizard)                Turns: 4548, Time: 00:10:12

Health: -5/32      AC:  4    Str:  4    XL:     6   Next: 22%
Magic:  1/16       EV: 13    Int: 25    God:
Gold:   188        SH:  0    Dex: 13    Spells: 7/16 levels left

rFire    . . .     SeeInvis .   f - +0 dagger
rCold    . . .     Gourm    .   (no shield)
rNeg     . . .     Faith    .   a - +0 robe
rPois    .         Spirit   .   b - +0 hat
rElec    .         Reflect  .   t - +1 cloak {MR+}
rCorr    .         Harm     .   (no gloves)
MR       +....                  (no boots)
Stlth    ++........             (no amulet)
HPRegen  0.10/turn              (no ring)
MPRegen  0.15/turn              (no ring)

@: no status effects
A: no striking features
a: no special abilities


You were on level 3 of the Dungeon.
You were not hungry.

You visited 1 branch of the dungeon, and saw 4 of its levels.

You collected 188 gold pieces.

Inventory:

Hand Weapons
 f - a +0 dagger (weapon)
 s - a +4 quarterstaff of chaos
Missiles
 y - 3 javelins (quivered)
Armour
 a - a +0 robe (worn)
 b - a +0 hat (worn)
 j - a cursed +0 robe
 t - a +1 cloak of magic resistance (worn)
Jewellery
 l - an uncursed ring of protection from fire {unknown}
Scrolls
 g - a scroll of fog {unknown}
 h - 2 scrolls of random uselessness {unknown}
 i - 7 scrolls of identify {unknown}
 k - 3 scrolls of teleportation {unknown}
 n - 3 scrolls of blinking {unknown}
 o - a scroll of noise {unknown}
 p - a scroll of enchant armour {unknown}
 q - 4 scrolls of remove curse {unknown}
 r - a scroll of amnesia {unknown}
 u - a scroll of enchant weapon {unknown}
 w - a scroll of fear {unknown}
Potions
 e - a potion of degeneration {unknown}
 m - 3 potions of curing {unknown}
 v - a potion of cancellation {unknown}
 z - a potion of lignification {unknown}
 A - a potion of agility {unknown}
Books
 c - a book of Minor Magic

   Spells                             Type                      Level
   a - Magic Dart                     Conjuration                  1
   b - Blink                          Translocation                2
   c - Call Imp                       Summoning                    2
   d - Slow                           Hexes                        2
   e - Conjure Flame                  Conjuration/Fire             3
   f - Mephitic Cloud                 Conjuration/Poison/Air       3
Comestibles
 d - 13 rations


   Skills:
 + Level 3.7 Dodging
 - Level 2.4 Stealth
 + Level 5.8 Spellcasting
 + Level 3.1 Conjurations
   Level 1.1 Summonings
 * Level 2.3 Translocations
 * Level 1.9 Fire Magic
 * Level 1.7 Air Magic
 * Level 2.0 Poison Magic


You had 7 spell levels left.
You knew the following spells:

 Your Spells              Type           Power        Failure   Level  Hunger
a - Magic Dart            Conj           ###.         1%          1    None
b - Blink                 Tloc           N/A          4%          2    None
d - Conjure Flame         Conj/Fire      ###.....     8%          3    #......
z - Mephitic Cloud        Conj/Pois/Air  ###.....     9%          3    #......


Dungeon Overview and Level Annotations

Branches:
Dungeon (4/15)
 Temple: D:4-7

Altars:
Dithmenos
Wu Jian
Zin
The Shining One

Annotations:
D:3 batai666's ghost, amateur GrEE


Message History

Batai666's ghost is severely damaged.
Batai666's ghost barely misses you.
You barely miss batai666's ghost.
Batai666's ghost is severely damaged.
Batai666's ghost gestures at you while chanting.
The blast of sand hits you!
Your magical contamination has completely faded away.
Casting: Magic Dart
Confirm with . or Enter, or press ? or * to list all spells.
Aiming: Magic Dart
Press: ? - help, Shift-Dir - straight line, f/p - batai666's ghost
Aim: batai666's ghost (severely damaged)
The magic dart hits batai666's ghost.
Batai666's ghost is severely damaged.
Batai666's ghost casts a spell at you. The blast of sand hits you!
* * * LOW HITPOINT WARNING * * *
Batai666's ghost gestures at you while chanting.
The stone arrow hits you!
You die...

#.# #.#########.#### #.# #.#
#.........# # ####.# ##'##
#.####.##.# # ..#..# ##...###.#
#.##.# # #.#.## ##.....##.#
##.##.# # #...# ##.......#.#
#..##.# #
#...####..........###...#.#######
.......'.........................
#...####........@.W.......#######
#..## ##......<###.....### # ..##
#...#§#.## #.....# # ###
#.##.§.## #.....# # #
#§#§#§#§####.....# # #
#.§§§§§§..###.#### #
###§#.#.#.###.# # ##.§§#...##.#
## #####§#....##.#


You could see batai666's ghost.

Vanquished Creatures
  A howler monkey (D:4)
  2 hounds (D:4)
  Crazy Yiuf (D:2)
  A bullfrog skeleton (D:4)
  An orc wizard (D:3)
  6 adders
  An adder skeleton (D:4)
  4 dart slugs
  2 leopard geckos
  8 orcs
  7 giant cockroaches
  9 goblins
  5 hobgoblins
  6 jackals
  9 kobolds
  A quokka (D:2)
  2 ball pythons (D:2)
  4 bats
  4 frilled lizards
  10 rats
84 creatures vanquished.

Notes
Turn   | Place    | Note
-------+----------+-------------------------------------------
     0 | D:1      | pk666 the Deep Elf Wizard began the quest for the Orb.
     0 | D:1      | Reached XP level 1. HP: 10/10 MP: 7/7
   318 | D:1      | Reached XP level 2. HP: 15/15 MP: 5/9
   751 | D:1      | Reached skill level 5 in Spellcasting
   916 | D:1      | Reached XP level 3. HP: 19/19 MP: 5/11
  1580 | D:2      | Found a glowing golden altar of the Shining One.
  1659 | D:2      | Found an ornate altar of the Wu Jian Council.
  1671 | D:2      | Reached XP level 4. HP: 24/24 MP: 9/13
  1702 | D:2      | Learned a level 2 spell: Blink
  1706 | D:2      | Learned a level 3 spell: Mephitic Cloud
  1710 | D:2      | Learned a level 3 spell: Conjure Flame
  2019 | D:2      | Found a runed door.
  2065 | D:2      | Found a glowing silver altar of Zin.
  2139 | D:2      | Noticed Crazy Yiuf
  2179 | D:2      | Killed Crazy Yiuf
  2424 | D:3      | Found a shadowy altar of Dithmenos.
  2699 | D:3      | Noticed batai666's ghost (amateur GrEE)
  3026 | D:4      | Reached skill level 1 in Air Magic
  3026 | D:4      | Reached skill level 1 in Poison Magic
  3026 | D:4      | Reached XP level 5. HP: 28/28 MP: 9/15
  3034 | D:4      | Reached skill level 1 in Fire Magic
  3293 | D:4      | Reached XP level 6. HP: 32/32 MP: 12/16
  4548 | D:3      | Killed from afar by batai666's ghost

Skill      XL: |  1  2  3  4  5  6 |
---------------+-------------------+-----
Conjurations   | 2 3 |  3.1
Spellcasting   | 5 |  5.8
Dodging        | 3 |  3.7
Air Magic      | 1 |  1.7
Poison Magic   | 1 2 |  2.0
Fire Magic     | 1 |  1.9
Translocations | 2 |  2.3
Stealth        | |  2.4
Summonings     | |  1.1

Action                   |  1- 3 |  4- 6 || total
-------------------------+-------+-------++-------
Melee: Dagger            |       |    29 ||    29
 Cast: Magic Dart        |    92 |   143 ||   235
       Mephitic Cloud    |       |     3 ||     3
       Conjure Flame     |       |     2 ||     2
 Stab: Confused          |       |     1 ||     1
  Eat: Chunk             |     2 |     9 ||    11
Armor: Robe              |     5 |     6 ||    11
Dodge: Dodged            |    28 |    34 ||    62
